 Seeded DCSS version 0.27-a0-1324-ge0d8e04 (webtiles) character file.

Game seed: 2478920174494696364 (custom seed)

19 HDogLeCool the Skirmisher (level 2, 0/25 HPs)
             Began as a Draconian Wanderer on June 22, 2021.
             Slain by a crimson imp (2 damage)
             ... summoned by Natasha
             ... on level 1 of the Dungeon.
             The game lasted 00:04:20 (1383 turns).

HDogLeCool the Skirmisher (Draconian Wanderer)      Turns: 1383, Time: 00:04:21

Health: 0/25       AC:  6    Str: 17    XL:     2   Next: 55%
Magic:  0/4        EV: 11    Int: 11    God:
Gold:   12         SH:  0    Dex:  8    Spells: 3/4 levels left

rFire    . . .     SeeInvis .   b - +0 dagger
rCold    . . .     Faith    .   (no shield)
rNeg     . . .     Spirit   .   (armour unavailable)
rPois    .         Reflect  .   (helmet restricted)
rElec    .         Harm     .   e - +0 cloak
rCorr    .         Rampage  .   (no gloves)
Will     .....                  c - +0 pair of boots
Stlth    ++........             (no amulet)
HPRegen  0.08/turn              (no ring)
MPRegen  0.09/turn              (no ring)

@: slowed, very slow
A: AC +4, unfitting armour, cold-blooded
a: no special abilities


You were on level 1 of the Dungeon.
You visited 1 branch of the dungeon, and saw 2 of its levels.

You collected 12 gold pieces.

Inventory:

Hand Weapons
 a - a +0 club
 b - a +0 dagger (weapon)
Armour
 c - a +0 pair of boots (worn)
 e - a +0 cloak (worn)
Scrolls
 f - 3 scrolls of identify {unknown}
Potions
 d - a potion of brilliance {unknown}
 g - 2 potions of attraction {unknown}


   Skills:
 + Level 2.7 Fighting
 - Level 1.0 Throwing
 - Level 2.6 Stealth
 - Level 1.0 Shields
 + Level 1.5 Spellcasting
 * Level 1.7 Conjurations
 - Level 1.0 Transmutations


You had 3 spell levels left.
You knew the following spells:

 Your Spells              Type           Power      Damage    Failure   Level
a - Magic Dart            Conj           16%        1d3       16%         1

Your spell library contained the following spells:

 Spells                   Type           Power      Damage    Failure   Level
 Foxfire                  Conj/Fire      8%         2x1d4     22%         1
 Apportation              Tloc           0%         N/A       30%         1
 Blink                    Tloc           N/A        N/A       43%         2
 Call Imp                 Summ           0%         N/A       43%         2
 Slow                     Hex            0%         N/A       43%         2
 Conjure Flame            Conj/Fire      2%         6-21      54%         3
 Stone Arrow              Conj/Erth      4%         3d7       54%         3
 Mephitic Cloud           Conj/Pois/Air  2%         N/A       58%         3
 Teleport Other           Tloc           0%         N/A       67%         3


Dungeon Overview and Level Annotations

Branches:
Dungeon (2/15)

Altars:
Ru

Annotations:
D:1 Natasha


Innate Abilities, Weirdness & Mutations

Your plain brown scales are hard. (AC +4)
You cannot fit into any form of body armour.
You are cold-blooded and may be slowed by cold attacks.


Message History

Aim: Natasha (lightly wounded, 100% to hit)
The magic dart hits Natasha.
Natasha is moderately wounded.
Natasha mumbles some strange words. x2
Casting: Magic Dart (safe; 16% risk of failure)
Confirm with . or Enter, or press ? or * to list all spells.
Aiming: Magic Dart (safe; 16% risk of failure)
Press: ? - help, Shift-Dir - straight line, f/p - Natasha
Aim: Natasha (moderately wounded, 100% to hit)
The magic dart hits Natasha.
Natasha is moderately wounded.
Natasha claws you but does no damage. The white imp gestures at you.
The puff of frost hits you.
* * * LOW HITPOINT WARNING * * *
Casting: Magic Dart (safe; 16% risk of failure)
Confirm with . or Enter, or press ? or * to list all spells.
Aiming: Magic Dart (safe; 16% risk of failure)
Press: ? - help, Shift-Dir - straight line, f/p - Natasha
Aim: Natasha (moderately wounded, 100% to hit)
The magic dart hits Natasha.
Natasha is moderately wounded.
Natasha misses you.
The crimson imp hits you but does no damage.
The white imp barely misses you. Natasha barely misses you.
The crimson imp closely misses you. The white imp gestures at you.
The puff of frost misses you.
Casting: Magic Dart (safe; 16% risk of failure)
Confirm with . or Enter, or press ? or * to list all spells.
Aiming: Magic Dart (safe; 16% risk of failure)
Press: ? - help, Shift-Dir - straight line, f/p - Natasha
Aim: Natasha (moderately wounded, 100% to hit)
The magic dart hits Natasha.
Natasha is heavily wounded.
Natasha stares at you and mumbles some strange words.
The magic dart hits you.
* * * LOW HITPOINT WARNING * * *
The crimson imp hits you.
You die...

......# #......#
......# #......#
......# ####......#
......# #.(...#####
.(....# #.#####
##.##.###.#########
...##..#..........#
.#.###.......>...5#
#.######.......5@.#
.#..............h.#
#.#..........######
.#.......#...#
#.#......#####
.#.......#
#.#......#
.#.......##
..........##


You could see Natasha, a crimson imp (summoned) and a white imp (summoned).

Vanquished Creatures
  A dart slug (D:2)
  3 giant cockroaches
  2 hobgoblins
  3 kobolds (D:1)
  3 quokkas
  A bat (D:2)
  2 rats (D:1)
15 creatures vanquished.

Notes
Turn   | Place    | Note
-------+----------+-------------------------------------------
     0 | D:1      | HDogLeCool the Draconian Wanderer began the quest for the
                  | Orb.
     0 | D:1      | HDogLeCool set off with the following items: a +0 club, a
                  | +0 dagger; and the following spells available to memorise:
                  | Magic Dart, Foxfire, Apportation, Blink, Call Imp, Slow,
                  | Conjure Flame, Stone Arrow, Mephitic Cloud, Teleport Other
     0 | D:1      | Reached XP level 1. HP: 17/17 MP: 2/2
     2 | D:1      | Learned a level 1 spell: Magic Dart
   197 | D:1      | Reached XP level 2. HP: 25/25 MP: 0/3
   230 | D:1      | Found a faded altar of an unknown god.
   233 | D:1      | Became a worshipper of Ru the Awakened
   240 | D:1      | Fell from the grace of Ru
  1347 | D:2      | Noticed Natasha
  1352 | D:2      | Noticed a crimson imp
  1381 | D:1      | Noticed a crimson imp
  1383 | D:1      | Slain by a crimson imp

Illustrated notes

Levels and vault maps discovered:
D:1:      lightli_arrival_chessboard, layout_rooms, serial_rivers,
          chequers_serial_rivers_micro_b, chequers_serial_rivers_micro_d,
          chequers_serial_rivers_room_b, chequers_serial_rivers_micro_c,
          hellmonk_ecumenical_altar_inner_sanctum, roderic_serpentine_path
D:2:      layout_basic, uniq_terence, uniq_natasha

Action                   || total
-------------------------++-------
Melee: Dagger            ||    64
       Tailslap          ||    10
 Cast: Magic Dart        ||    19
Invok: Renounce Religion ||     1
 Stab: Sleeping          ||     1
Armor: Skin              ||    23
Dodge: Dodged            ||    40

Table legend: (Time is in decaauts)
 A = Elapsed time spent in this place.
 B = Non-inter-level travel time spent in this place.
 C = Inter-level travel time spent in this place.
 D = Time resting spent in this place.
 E = Time spent auto-exploring this place.
 F = Levels seen in this place.
 G = Mean time per level.
                   A        B        C        D        E       F      G
               +--------+--------+--------+--------+--------+-----+--------+
         Total |   1397 |   1314 |     83 |    453 |    613 |   2 |  698.5 |
       Dungeon |   1397 |   1314 |     83 |    453 |    613 |   2 |  698.5 |
               +--------+--------+--------+--------+--------+-----+--------+

Top non-repeatable levels by time:
     D:1: 939 daAuts
     D:2: 457 daAuts
